 Dungeon Crawl Stone Soup version 0.24-a0-459-g225fefd530 (webtiles) character file.

Game seed: 15270658384077459690

427 gruber the Chopper (level 6, -5/76 HPs)
             Began as a Minotaur Monk on June 28, 2019.
             Slain by Edmund
             ... wielding a +4 flail of venom
              (6 damage)
             ... on level 4 of the Dungeon.
             The game lasted 00:04:18 (2767 turns).

gruber the Chopper (Minotaur Monk)                  Turns: 2767, Time: 00:04:19

Health: -5/76      AC: 23    Str: 14 (17) XL:     6   Next: 65%
Magic:  5/5        EV:  2    Int:  9 (12) God:
Gold:   159        SH:  0    Dex: 12 (13) Spells: 5/5 levels left

rFire    + . .     SeeInvis +   a - +0 hand axe
rCold    + . .     Gourm    .   (no shield)
rNeg     + + +     Faith    .   (armour currently unavailable)
rPois    +         Spirit   .   (helmet currently unavailable)
rElec    +         Reflect  .   (cloak currently unavailable)
rCorr    +         Harm     .   (gloves currently unavailable)
MR       .....     NoTele   +   (boots currently unavailable)
Stlth    ++........             (no amulet)
HPRegen  0.22/turn              n - ring of see invisible
MPRegen  0.09/turn              (no ring)

@: brilliant, lethally poisoned (-5 -> -21), tree-form (expiring), resistant
A: (retaliatory headbutt)
a: no special abilities


You were on level 4 of the Dungeon.
You were very hungry.
You were a tree.
You visited 1 branch of the dungeon, and saw 4 of its levels.

You collected 159 gold pieces.

Inventory:

Hand Weapons
 a - a +0 hand axe (weapon)
Armour
 j - a +0 pair of gloves (melded)
 u - a +3 scale mail (melded)
Jewellery
 n - a ring of see invisible (left branch)
Scrolls
 d - a scroll of amnesia {unknown}
 h - 2 scrolls of magic mapping {unknown}
 i - 4 scrolls of remove curse {unknown}
 k - 5 scrolls of identify {unknown}
 l - 2 scrolls of teleportation {unknown}
 o - a scroll of random uselessness {unknown}
 r - a scroll of fog {unknown}
Potions
 b - a potion of resistance
 e - 2 potions of brilliance
 m - a potion of flight {unknown}
 p - a potion of magic
 t - a potion of curing {unknown}
Comestibles
 c - 3 rations


   Skills:
 - Level 3.6 Fighting
 * Level 7.1 Axes
 - Level 5.4 Armour
 - Level 3.2 Dodging
 - Level 1.5 Stealth


You had 5 spell levels left.
You didn't know any spells.
Your spell library was empty.

Dungeon Overview and Level Annotations

Branches:
Dungeon (4/15)
 Temple: D:4-7

Altars:
Dithmenos
Okawaru
Ru
Sif Muna
Vehumet
Wu Jian
Xom
Zin

Annotations:
D:4 Edmund


Innate Abilities, Weirdness & Mutations

((You reflexively headbutt those who attack you in melee.))
((You have a pair of horns on your head.))


Message History

Edmund is heavily wounded.
Your transformation is almost over.
* * * LOW HITPOINT WARNING * * *
You feel sick. Edmund hits you but does no damage.
You are more poisoned.
You hit Edmund but do no damage.
Edmund is heavily wounded.
* * * LOW HITPOINT WARNING * * *
You feel sick.
You barely miss Edmund.
Edmund is heavily wounded.
* * * LOW HITPOINT WARNING * * *
You feel sick. Edmund hits you but does no damage.
You are more poisoned.
You hit Edmund.
Edmund is heavily wounded.
* * * LOW HITPOINT WARNING * * *
You feel sick.
Edmund hits you with a +4 flail of venom.
You die...

######...
#.......
#......
#.....
#.... ...
#@# #♣#
#.# #.#
#<# ###


You could see Edmund.

Vanquished Creatures
  An ogre (D:4)
  4 orc priests (D:3)
  An orc wizard (D:2)
  4 gnolls
  6 adders
  2 worms (D:2)
  2 dart slugs (D:1)
  5 leopard geckos
  14 orcs (D:3)
  9 bats
  11 giant cockroaches
  7 goblins
  11 hobgoblins
  A jackal (D:2)
  5 kobolds
  3 frilled lizards
  7 rats
93 creatures vanquished.

Notes
Turn   | Place    | Note
-------+----------+-------------------------------------------
     0 | D:1      | gruber the Minotaur Monk began the quest for the Orb.
     0 | D:1      | Reached XP level 1. HP: 19/19 MP: 0/0
    29 | D:1      | Reached skill level 4 in Axes
    41 | D:1      | Reached XP level 2. HP: 22/26 MP: 1/1
   316 | D:1      | Reached skill level 5 in Axes
   326 | D:1      | Reached XP level 3. HP: 31/31 MP: 2/2
   588 | D:2      | Found a radiant altar of Vehumet.
   588 | D:2      | Found a glowing silver altar of Zin.
   793 | D:2      | Reached skill level 1 in Armour
  1045 | D:2      | Found a shimmering altar of Xom.
  1281 | D:2      | Reached XP level 4. HP: 39/39 MP: 3/3
  1355 | D:3      | Found a sacrificial altar of Ru.
  1355 | D:3      | Found a deep blue altar of Sif Muna.
  1355 | D:3      | Found a shadowy altar of Dithmenos.
  1462 | D:3      | Found an ornate altar of the Wu Jian Council.
  1544 | D:3      | Reached XP level 5. HP: 30/45 MP: 4/4
  1802 | D:3      | Reached skill level 5 in Armour
  1980 | D:3      | Found an iron altar of Okawaru.
  2184 | D:2      | Reached XP level 6. HP: 26/51 MP: 5/5
  2188 | D:2      | Reached skill level 6 in Axes
  2722 | D:4      | Noticed Edmund
  2724 | D:4      | Reached skill level 7 in Axes
  2766 | D:4      | HP: 2/76 [poisoned by Edmund]
  2767 | D:4      | Slain by Edmund

Levels and vault maps discovered:
D:1:      noname_arrival_rooms_in_the_neighbourhood, layout_rooms
D:2:      layout_loops_ring, grunt_temple_overflow_open,
          grunt_decor_mini_mirrors, tgw_xom
D:3:      layout_loops_cross, okawaru_gym_becter,
          chequers_temple_overflow_statue_of_worship,
          nicolae_overflow_crystal_walls
D:4:      layout_basic, first_ration, minmay_fractal_squares_diagonal_5,
          uniq_sigmund, uniq_grinder, uniq_edmund

Skill      XL: |  1  2  3  4  5  6 |
---------------+-------------------+-----
Axes           | 4 5 7 |  7.1
Armour         | 2 4 5 |  5.4
Fighting       | |  3.6
Dodging        | |  3.2
Stealth        | |  1.5

Action                   |  1- 3 |  4- 6 || total
-------------------------+-------+-------++-------
Melee: Hand axe          |    91 |   172 ||   263
       Headbutt          |    14 |    28 ||    42
  Use: Potion            |       |     6 ||     6
 Stab: Sleeping          |     1 |       ||     1
  Eat: Chunk             |       |     5 ||     5
Armor: Robe              |     8 |       ||     8
       Scale mail        |    23 |    70 ||    93
       Skin              |       |    19 ||    19
Dodge: Dodged            |    50 |   100 ||   150

Table legend:
 A = Non-vault XP
 B = Vault XP
 C = Vault XP percentage of total XP
 D = Non-vault monster count
 E = Vault monster count
 F = Vault count percentage of total count
                 A         B        C        D         E       F
            +---------+---------+-------+---------+---------+-------
      Total |     600 |      10 |   1.6 |      87 |       6 |   6.5
            +---------+---------+-------+---------+---------+-------
        D:1 |      50 |       0 |   0.0 |      25 |       0 |   0.0
        D:2 |      99 |      10 |   9.2 |      15 |       6 |  28.6
        D:3 |     338 |       0 |   0.0 |      46 |       0 |   0.0
        D:4 |     113 |       0 |   0.0 |       1 |       0 |   0.0
            +---------+---------+-------+---------+---------+-------
